 Dungeon Crawl Stone Soup version 0.25.0-15-gac7dcb8919 (webtiles) character file.

Game seed: 13543375628173162391

6 Esekla the Magician (level 1, 0/10 HPs)
             Began as a Deep Elf Wanderer on June 29, 2020.
             Slain by a hobgoblin (4 damage)
             ... on level 1 of the Dungeon.
             The game lasted 00:03:28 (643 turns).

Esekla the Magician (Deep Elf Wanderer)              Turns: 643, Time: 00:03:28

Health: 0/10       AC:  2    Str:  7    XL:     1   Next: 75%
Magic:  8/8        EV: 12    Int: 19    God:
Gold:   0          SH:  0    Dex: 13    Spells: 9/9 levels left

rFire    . . .     SeeInvis .   a - +0 dagger
rCold    . . .     Gourm    .   (no shield)
rNeg     . . .     Faith    .   d - +0 robe
rPois    .         Spirit   .   (no helmet)
rElec    .         Reflect  .   (no cloak)
rCorr    .         Harm     .   (no gloves)
MR       .....                  (no boots)
Stlth    +.........             b - amulet of magic regeneration
HPRegen  0.03/turn              (no ring)
MPRegen  0.36/turn              (no ring)

@: no status effects
A: no striking features
a: no special abilities


You were on level 1 of the Dungeon.
You were not hungry.

You visited 1 branch of the dungeon, and saw 2 of its levels.

Inventory:

Hand Weapons
 a - a +0 dagger (weapon)
Armour
 d - a +0 robe (worn)
Jewellery
 b - an amulet of magic regeneration (around neck)
Wands
 e - a wand of flame (15)
Scrolls
 c - 2 scrolls of identify {unknown}
Comestibles
 f - a ration


   Skills:
 * Level 0.2 Short Blades
 * Level 1.3 Dodging
   Level 1.0 Shields
 + Level 4.5 Spellcasting
   Level 1.1 Summonings
   Level 2.1 Fire Magic
   Level 2.1 Ice Magic
 + Level 1.1 Evocations


You had 9 spell levels left.
You didn't know any spells.
Your spell library contained the following spells:

 Spells                   Type           Power        Failure   Level  Hunger
 Foxfire                  Conj/Fire      #...         9%          1    None
 Sting                    Tmut/Pois      #...         13%         1    None
 Conjure Flame            Conj/Fire      #.......     26%         3    ###....
 Ignite Poison            Fire/Tmut/Pois #.......     28%         3    ###....


Dungeon Overview and Level Annotations

Branches:
Dungeon (2/15)

Altars:


Message History

You hit the bat.
You kill the bat!
You see here a bat corpse.
You hit the hobgoblin.
The hobgoblin is moderately wounded.
The hobgoblin misses you.
You hit the hobgoblin.
The hobgoblin is severely wounded.
The hobgoblin hits you.
You hit the hobgoblin but do no damage.
The hobgoblin is severely wounded.
The hobgoblin closely misses you.
You barely miss the hobgoblin.
The hobgoblin is severely wounded.
The hobgoblin hits you.
A jackal comes into view.
The jackal barks!
There is a stone staircase leading down here.
The jackal bites you. x2; The hobgoblin hits you.
You die...

.....##.................# #.#
.....##.................######.##
......#.######....##.#...........
......#.######.................##
#......h..................###..#
......h............#....#.# #..#
......#.######............# #..#
##.#.##.######.h..........###..##
............h.hh@................
........#......g...##.#..........
####.#.##................####...#
#.#. #......#...##.#..# ##.##
###.###'#####...##.#..#####.##
..............................
....#####.###.........#####.## .#
#...##...##.##.#####.##
######...##(................


You could see 4 jackals and a hobgoblin.

Vanquished Creatures
  A dart slug (D:2)
  A giant cockroach (D:1)
  A goblin (D:2)
  A bat (D:1)
4 creatures vanquished.

Notes
Turn   | Place    | Note
-------+----------+-------------------------------------------
     0 | D:1      | Esekla the Deep Elf Wanderer began the quest for the Orb.
     0 | D:1      | Esekla set off with the following items: a +0 dagger, a +0
                  | robe, a wand of flame (15), a ration; and the following
                  | spells available to memorise: Foxfire, Sting, Conjure
                  | Flame, Ignite Poison
     0 | D:1      | Reached XP level 1. HP: 10/10 MP: 7/7
   257 | D:2      | Reached skill level 1 in Dodging
   643 | D:1      | Slain by a hobgoblin

Illustrated notes

Levels and vault maps discovered:
D:1:      dpeg_arrival_simpleton_b, layout_basic
D:2:      layout_loops_ring, first_ration, uniq_robin

Skill      XL: |  1 |
---------------+----+-----
Dodging        | 1 |  1.3
Short Blades   | |  0.2
Shields        | |  1.0
Spellcasting   | |  4.5
Summonings     | |  1.1
Fire Magic     | |  2.1
Ice Magic      | |  2.1
Evocations     | |  1.1

Action                   || total
-------------------------++-------
Melee: Dagger            ||    34
 Stab: Sleeping          ||     1
Armor: Robe              ||     7
Dodge: Dodged            ||    18
